 Dungeon Crawl Stone Soup version 0.25.0-9-g26727b657a (webtiles) character file.

Game seed: 11447147044273202314

170 Descartes the Sneak (level 5, -1/25 HPs)
             Began as a Felid Wanderer on June 20, 2020.
             Was a Believer of Elyvilon.
             Killed by nerve-wracking pain
             ... invoked by Grinder
              (10 damage)
             ... while paralysed by Grinder
             ... on level 4 of the Dungeon.
             The game lasted 00:07:35 (4506 turns).

Descartes the Sneak (Felid Wanderer)                Turns: 4506, Time: 00:07:35

Health: -1/25      AC:  1    Str: 10    XL:     5   Next: 26%
Magic:  7/7        EV:  4    Int: 13    God:    Elyvilon [**....]
Gold:   124        SH:  0    Dex: 15    Spells: 6/6 levels left
                                        Lives:  0   Deaths: 1

rFire    . . .     SeeInvis +     - Unarmed
rCold    . . .     Gourm    .   (shield unavailable)
rNeg     . . .     Faith    .   (armour unavailable)
rPois    .         Spirit   .   (helmet unavailable)
rElec    .         Reflect  +   (cloak unavailable)
rCorr    .         Harm     .   (gloves unavailable)
MR       .....                  (boots unavailable)
Stlth    +++.......             p - amulet of reflection
HPRegen  0.08/turn              s - +4 ring of evasion
MPRegen  0.10/turn              (no ring)

@: paralysed, quick
A: very small, no armour, no weapons or thrown items, stealth, claws 1, fangs 3,
see invisible, carnivore, speed 1, shaggy fur 1, slow metabolism 1, sharp paws
a: Lesser Healing, Heal Other, Divine Protection, Renounce Religion


You were on level 4 of the Dungeon.
You worshipped Elyvilon.
Elyvilon was pleased with you.
You were completely stuffed.

You visited 1 branch of the dungeon, and saw 4 of its levels.

You collected 124 gold pieces.

Inventory:

Missiles
 f - 67 stones
 i - 120 arrows
Jewellery
 p - an amulet of reflection (around neck)
 s - a +4 ring of evasion (left paw)
Scrolls
 a - 2 scrolls of blinking
 c - 4 scrolls of teleportation
 e - 2 scrolls of random uselessness {unknown}
 h - 2 scrolls of identify {unknown}
 j - 2 scrolls of enchant weapon {unknown}
 l - 3 scrolls of noise {unknown}
 n - a scroll of remove curse {unknown}
 r - a scroll of amnesia {unknown}
Potions
 b - a potion of berserk rage
 g - 3 potions of curing
 k - 2 potions of flight {unknown}
 m - 4 potions of heal wounds {unknown}
 o - a potion of stabbing {unknown}
Comestibles
 d - 5 rations
 q - 3 chunks of flesh


   Skills:
 + Level 4.6 Fighting
 + Level 2.5 Dodging
 * Level 4.6 Stealth
 * Level 4.3 Unarmed Combat
 + Level 1.0 Spellcasting
   Level 2.1 Evocations


You had 6 spell levels left.
You didn't know any spells.
Your spell library was empty.

Dungeon Overview and Level Annotations

Branches:
Dungeon (4/15)
 Temple: D:4-7

Altars:
Elyvilon

Shops:
D:4 *

Annotations:
D:4 Grinder


Innate Abilities, Weirdness & Mutations

You cannot wear armour.
You are incapable of wielding weapons or throwing items.
Your paws allow you to move quietly. (Stealth)
You have sharp claws.
You have razor-sharp teeth.
You have supernaturally acute eyesight. (SInv)
You are carnivorous and can eat meat at any time.
You cover ground quickly.
You are covered in fur. (AC +1)
You have a slow metabolism.
Your sharp claws are effective at attacking unaware monsters.


Message History

Grinder is too close now for your liking.
Grinder shouts!
You hear a bark!
You scratch Grinder. Your bite misses Grinder.
Grinder is lightly wounded.
A hound comes into view.
Grinder misses you.
The hound barks!
You scratch Grinder.
Grinder is lightly wounded.
Grinder gestures at you. You resist with some effort.
You scratch Grinder.
Grinder is moderately wounded.
Grinder gestures at you.
You suddenly lose the ability to move!
Grinder hits you!
You writhe in agony.
Grinder completely misses you. Grinder gestures at you.
Pain shoots through your body!
You die...

### # ..# .# #
##.##.# ... #<....#
...≈.≈.##.##.....#
..≈≈.≈≈#.....h5..#
..≈≈∩≈≈##.##.@##.###
..≈≈≈≈≈........[.....
...≈≈≈.#.............
...#...#......##.....
..>..................
..........<..##..###.
....................
.#....##...####.....
#.#.# #..... ....


You could see Grinder and a hound.

Vanquished Creatures
  A centaur (D:3)
  A howler monkey skeleton (D:3)
  6 adders
  2 worms
  3 dart slugs
  A leopard gecko (D:1)
  3 orcs (D:3)
  3 bats
  2 giant cockroaches
  8 hobgoblins
  4 jackals (D:1)
  A quokka (D:3)
  7 frilled lizards
  6 goblins
  9 kobolds
  11 rats
68 creatures vanquished.

Notes
Turn   | Place    | Note
-------+----------+-------------------------------------------
     0 | D:1      | Descartes the Felid Wanderer began the quest for the Orb.
     0 | D:1      | Descartes set off with the following items: a scroll of
                  | blinking, a potion of berserk rage, 2 scrolls of
                  | teleportation, a ration
     0 | D:1      | Reached XP level 1. HP: 11/11 MP: 3/3
   209 | D:1      | Reached XP level 2. HP: 8/15 MP: 4/4
   801 | D:1      | Reached skill level 1 in Dodging
  1523 | D:1      | Reached XP level 3. HP: 18/18 MP: 5/5
  2275 | D:2      | Found a white marble altar of Elyvilon.
  2433 | D:2      | Became a worshipper of Elyvilon the Healer
  2739 | D:2      | Reached XP level 4. HP: 22/22 MP: 6/6
  3001 | D:3      | Noticed a centaur
  3547 | D:3      | Reached * piety under Elyvilon
  3683 | D:3      | HP: 1/22 [centaur/arrow (6)]
  3689 | D:3      | Shot with an arrow by a centaur
  3690 | D:3      | Reached XP level 3. HP: -9/18 MP: 5/5
  4015 | D:3      | Found a faded altar of an unknown god.
  4032 | D:3      | Reached XP level 4. HP: 14/22 MP: 6/6
  4149 | D:3      | Reached ** piety under Elyvilon
  4313 | D:3      | Killed a centaur
  4313 | D:3      | Reached XP level 5. HP: 16/25 MP: 7/7
  4444 | D:4      | Found Domeumoc's General Store.
  4444 | D:4      | Noticed Grinder
  4444 | D:4      | Noticed a phantom
  4457 | D:3      | Reached skill level 1 in Spellcasting
  4503 | D:4      | Paralysed by Grinder for 7 turns
  4506 | D:4      | Killed from afar by Grinder

Illustrated notes

Levels and vault maps discovered:
D:1:      dpeg_arrival_signposts, layout_basic
D:2:      layout_basic, elyvilon_altar_1
D:3:      layout_loops_corners, first_ration, chequers_ecumenical_altar_island,
          kennysheep_boxes
D:4:      layout_basic, minmay_temple_entry_waves, serial_shops,
          nicolae_shop_waterfront, shop, nicolae_shop_stone, hex_large,
          uniq_grinder

Skill      XL: |  1  2  3  4  5 |
---------------+----------------+-----
Stealth        | 2 4 |  4.6
Dodging        | 1 2 |  2.5
Unarmed Combat | 4 |  4.3
Spellcasting   | 1 |  1.0
Fighting       | |  4.6
Evocations     | |  2.1

Action                   |  1- 3 |  4- 6 || total
-------------------------+-------+-------++-------
Melee: Unarmed           |   143 |    51 ||   194
       Bite              |    10 |       ||    10
  Use: Potion            |     1 |       ||     1
 Stab: Sleeping          |     9 |     7 ||    16
       Distracted        |     1 |     1 ||     2
  Eat: Chunk             |    14 |     6 ||    20
Armor: Skin              |       |     2 ||     2
Dodge: Dodged            |    89 |    26 ||   115
Block: Other             |     7 |     8 ||    15
       Reflection        |       |     1 ||     1
